 Dungeon Crawl Stone Soup version 0.29-a0-845-g6161e89988 (webtiles) character file.

Game seed: 11454322953635681703

103 jlumianski the Trooper (level 4, 0/33 (35) HPs)
             Began as a Demonspawn Fighter on July 15, 2022.
             Killed from afar by Ijyb (12 damage)
             ... with a bolt of acid
             ... on level 3 of the Dungeon.
             The game lasted 00:06:12 (2370 turns).

jlumianski the Trooper (Demonspawn Fighter)         Turns: 2370, Time: 00:06:13

HP:   0/33 (35)     AC:  2    Str: 18    XL:     4   Next: 51%
MP:   4/4           EV:  9    Int:  9    God:
Gold: 138           SH:  9    Dex: 13    Spells: 3/3 levels left

rFire   . . .      SeeInvis .   g - +2 broad axe (flame)
rCold   . . .      Faith    .   c - +0 buckler
rNeg    . . .      Spirit   .   b - +0 scale mail
rPois   .          Reflect  +   (no helmet)
rElec   .          Harm     .   (no cloak)
rCorr   .          Rampage  .   (no gloves)
Will    .....                   (no boots)
Stlth   ..........              h - amulet of reflection
HPRegen 0.11/turn               (no ring)
MPRegen 0.09/turn               (no ring)

@: corroded, drained
A: weakness stinger 1
a: no special abilities


You were on level 3 of the Dungeon.
You visited 1 branch of the dungeon, and saw 3 of its levels.

You collected 138 gold pieces.

Inventory:

Hand Weapons
 a - a +0 war axe
 f - a +0 dagger
 g - a +2 broad axe of flaming (weapon)
 r - a +0 dagger
 v - a +3 dagger of draining
Missiles
 d - 39 stones
 o - 10 poisoned darts
 s - 6 boomerangs (quivered)
Armour
 b - a +0 scale mail (worn)
 c - a +0 buckler (worn)
Jewellery
 h - an amulet of reflection (around neck)
Scrolls
 i - 2 scrolls of enchant weapon {unknown}
 j - a scroll of fear {unknown}
 m - 3 scrolls of vulnerability {unknown}
 q - a scroll of identify {unknown}
 w - a scroll of immolation {unknown}
Potions
 e - a potion of haste {unknown}
 k - a potion of curing {unknown}
 l - 2 potions of brilliance {unknown}
 n - a potion of lignification {unknown}
 p - a potion of magic {unknown}
 t - a potion of heal wounds {unknown}
 u - a potion of ambrosia {unknown}


   Skills:
 + Level 3.5 Fighting
 + Level 3.0 Axes
 + Level 3.4 Armour
 + Level 0.2 Dodging
 + Level 3.1 Shields


You had 3 spell levels left.
You didn't know any spells.
Your spell library contained the following spells:

 Spells                   Type           Power      Damage    Failure   Level
 Tukima's Dance           Hex            0%         N/A       99%         3
 Passage of Golubria      Tloc           0%         N/A       100%        4
 Yara's Violent Unravell  Hex/Tmut       0%         3d3       100%        5


Dungeon Overview and Level Annotations

Branches:
Dungeon (3/15)

Altars:

Annotations:
D:3 Ijyb


Innate Abilities, Weirdness & Mutations

You have a small tail.


Message History

Ijyb shouts!
An endoplasm comes into view.
The hobgoblin hits you but does no damage.
You slash the hobgoblin! You burn the hobgoblin.
You kill the hobgoblin!
Ijyb zaps a wand.
The bolt of acid misses you.
You hit Ijyb but do no damage. You tail-slap Ijyb, but do no damage.
You slash the endoplasm! You burn the endoplasm.
You kill the endoplasm!
You block Ijyb's attack.
A worm comes into view.
Your Axes skill increases to level 3!
You barely miss Ijyb.
Your tail-slap misses Ijyb.
Ijyb screams, "No!
No, no, no, no!"
Ijyb barely misses you. Ijyb hits you but does no damage.
You slash Ijyb! You burn Ijyb.
Your tail-slap misses Ijyb.
Ijyb is heavily wounded.
Ijyb hits you with a +0 club.
Ijyb zaps a wand.
The bolt of acid hits you! The acid corrodes you!
You hit Ijyb but do no damage.
Ijyb is heavily wounded.
You block Ijyb's attack.
Okay, then.
You closely miss Ijyb.
Ijyb is heavily wounded.
Ijyb hits you with a +0 club. x2
You closely miss Ijyb.
Ijyb is heavily wounded.
You block Ijyb's attack.
You closely miss Ijyb. You tail-slap Ijyb, but do no damage.
Ijyb is heavily wounded.
Ijyb closely misses you. You block Ijyb's attack.
You slash Ijyb! You burn Ijyb.
Ijyb is almost dead.
Ijyb hits you with a +0 club.
You closely miss Ijyb.
Your tail-slap misses Ijyb.
Ijyb is almost dead.
You slash the worm! You burn the worm.
Ijyb zaps a wand.
The bolt of acid hits you!
You die...

###...#.... . ......
#...#..........### ...##
#................ .....
#...#.........#.#..?#
...#.
##.##...........#... #.#
#..............### #.#
..........#......# #.#
#$........#......###.###
#.....g@..#........#....
#....?w...##..#.........
....######..............
... #.....#.....>.... .
#...###..........
...................
..###.######...##... ..
## ######### .


You could see Ijyb and a worm.

Vanquished Creatures
  Jessica (D:2)
  2 worms (D:2)
  4 dart slugs
  6 ball pythons
  10 endoplasms
  A giant cockroach (D:1)
  5 goblins
  4 hobgoblins
  7 jackals
  4 kobolds
  4 quokkas
  2 bats (D:1)
  2 frilled lizards (D:1)
  4 rats
56 creatures vanquished.

Notes
Turn   | Place    | Note
-------+----------+-------------------------------------------
     0 | D:1      | jlumianski the Demonspawn Fighter began the quest for the
                  | Orb.
     0 | D:1      | Reached XP level 1. HP: 18/18 MP: 1/1
    57 | D:1      | Gained mutation: You have a small tail. [demonic ancestry]
    57 | D:1      | Reached XP level 2. HP: 13/24 MP: 2/2
   381 | D:1      | Found a faded altar of an unknown god.
   471 | D:1      | Reached XP level 3. HP: 20/29 MP: 3/3
  1831 | D:2      | Noticed Jessica
  1838 | D:2      | Killed Jessica
  1839 | D:2      | Reached XP level 4. HP: 35/35 MP: 4/4
  2358 | D:3      | Noticed Ijyb
  2370 | D:3      | Killed from afar by Ijyb

Illustrated notes

Levels and vault maps discovered:
D:1:      reono_arrival_mine, layout_basic, shapermc_ecumenical_altar_hornbeckon
D:2:      layout_loops_corners, uniq_jessica
D:3:      layout_rooms, uniq_ijyb

Skill      XL: |  1  2  3  4 |
---------------+-------------+-----
Axes           | 2 3 |  3.0
Armour         | 3 |  3.4
Shields        | 3 |  3.1
Fighting       | |  3.5
Dodging        | |  0.2

Action                   |  1- 3 |  4- 6 || total
-------------------------+-------+-------++-------
Melee: War axe           |    46 |       ||    46
       Broad axe         |    95 |    20 ||   115
       Tailslap          |    15 |     2 ||    17
Throw: Dart              |     1 |       ||     1
  Use: Potion            |     1 |       ||     1
Armor: Scale mail        |    62 |     5 ||    67
Dodge: Dodged            |    67 |     6 ||    73
Block: Buckler           |    67 |     6 ||    73
       Reflection        |     1 |       ||     1

Table legend: (Time is in decaauts)
 A = Elapsed time spent in this place.
 B = Non-inter-level travel time spent in this place.
 C = Inter-level travel time spent in this place.
 D = Time resting spent in this place.
 E = Time spent auto-exploring this place.
 F = Levels seen in this place.
 G = Mean time per level.
                   A        B        C        D        E       F      G
               +--------+--------+--------+--------+--------+-----+--------+
         Total |   2455 |   2393 |     62 |    100 |   1493 |   3 |  818.3 |
       Dungeon |   2455 |   2393 |     62 |    100 |   1493 |   3 |  818.3 |
               +--------+--------+--------+--------+--------+-----+--------+

Top non-repeatable levels by time:
     D:2: 1301 daAuts
     D:1: 950 daAuts
     D:3: 203 daAuts
